Map: Tours du crépuscule

Players

UrsaMajor - Winner!

  • Race: Terran Terran
  • League: Gold

pupu

  • Race: Protoss Protoss
  • League: Silver

VOD

Have the link to the VOD?

Description

Time

  • Played on: April 5, 2016, 12:21 p.m.
  • Length: 7:11
Show
View Real Time Build Order
Export as new Build Order

UrsaMajor Terran - Winner!

Build Orders:  

Get SALT Encoding   

  12  0:01  SCV  
  13  0:13  SCV  
  14  0:18  Supply Depot  
  14  0:25  SCV  
  15  0:33  Refinery  
  15  0:40  SCV  
  16  0:47  Barracks  
  16  0:52  SCV  
  17  1:04  SCV  
  17  1:09  Supply Depot  
  18  1:16  SCV  
  19  1:28  SCV  
  20  1:40  Factory  
  20  1:43  Marine  
  21  1:49  Orbital Command  
  21  1:54  Refinery  
  21  2:07  Barracks Reactor  
  21  2:16  SCV  
  22  2:24  Factory Tech Lab  
  22  2:30  SCV  
  22  2:36  Supply Depot  
  22  2:39  Starport  
  22  2:42  SCV  
  22  2:43  Marine x2  
  25  2:54  Siege Tank, SCV  
  29  3:01  Marine x2  
  31  3:06  SCV  
  32  3:16  Medivac  
  32  3:18  SCV  
  35  3:23  Marine x2  
  37  3:30  SCV  
  38  3:36  Siege Tank  
  38  3:41  Marine x2  
  42  3:42  Supply Depot  
  42  3:45  SCV  
  44  3:58  Marine  
  44  3:59  Marine  
  44  4:00  Starport Tech Lab  
  46  4:16  Marine x2, SCV  
  49  4:43  Command Center  
  49  4:47  SCV  
  49  4:48  Marine x2  
  49  4:49  Siege Tank  
  49  4:50  Raven  
  57  4:59  SCV  
  52  5:26  Starport  
  52  5:30  Starport  
  52  5:31  SCV  
  52  5:32  Engineering Bay  
  53  5:40  Siege Tank  
  56  5:43  SCV  
  57  5:51  Marine  
  57  5:52  Marine  
  57  5:55  SCV  
  60  6:05  Starport Tech Lab  
  60  6:06  Starport Tech Lab  
  60  6:09  Marine x2  
  62  6:14  Siege Tank  
  62  6:18  SCV  
  66  6:20  Orbital Command  
  66  6:21  Refinery  
  66  6:23  Refinery  
  66  6:27  Marine x2  
  66  6:30  SCV  
  66  6:31  Viking  
  71  6:42  SCV  
  72  6:47  SCV  
  76  6:54  SCV  
  74  7:10  Missile Turret  
Show
View Real Time Build Order
Export as new Build Order

pupu Protoss 

Build Orders: Nexus First 

Get SALT Encoding   

  12  0:01  Probe (Chrono Boost)  
  13  0:11  Probe (Chrono Boost)  
  14  0:20  Pylon  
  14  0:22  Probe (Chrono Boost)  
  15  0:38  Probe (Chrono Boost)  
  16  0:56  Nexus  
  16  1:06  Gateway  
  17  1:11  Probe (Chrono Boost)  
  17  1:20  Assimilator  
  17  1:22  Probe (Chrono Boost)  
  19  1:32  Probe (Chrono Boost)  
  19  1:35  Assimilator  
  19  1:43  Probe (Chrono Boost)  
  20  1:58  Cybernetics Core  
  20  2:03  Probe (Chrono Boost)  
  22  2:08  Probe (Chrono Boost)  
  22  2:14  Probe (Chrono Boost)  
  23  2:19  Probe (Chrono Boost)  
  24  2:24  Probe (Chrono Boost)  
  24  2:29  Probe (Chrono Boost)  
  26  2:30  Pylon  
  26  2:35  Probe (Chrono Boost)  
  27  2:40  Probe (Chrono Boost)  
  27  2:43  Assimilator  
  28  2:48  Probe (Chrono Boost), Pylon  
  29  2:54  Warp Gate (Chrono Boost)  
  29  2:56  Probe  
  30  3:07  Probe x2, Gateway x2  
  32  3:19  Robotics Facility  
  32  3:20  Probe x2  
  34  3:30  Gateway  
  34  3:32  Probe  
  35  3:36  Probe  
  35  3:37  Pylon  
  36  3:47  Forge  
  36  3:50  Probe  
  36  3:51  Probe  
  36  3:55  Stalker  
  40  3:57  Sentry  
  40  3:58  Sentry  
  40  4:01  Probe  
  44  4:03  Probe  
  46  4:11  Pylon  
  46  4:14  Probe  
  46  4:16  Probe, Gateway  
  48  4:20  Pylon  
  48  4:24  Photon Cannon  
  48  4:25  Probe  
  48  4:29  Pylon  
  49  4:36  Mothership Core  
  38  4:56  Zealot x2  
  38  4:57  Zealot  
  42  5:16  Probe  
  42  5:18  Probe  
  44  5:23  Immortal (Chrono Boost)  
  44  5:27  Probe  
  48  5:30  Probe  
  48  5:32  Photon Cannon  
  50  5:37  Probe  
  50  5:39  Photon Cannon  
  50  5:42  Probe  
  52  5:48  Probe  
  53  5:50  Zealot x3  
  53  5:52  Stalker  
  53  5:54  Probe  
  62  6:02  Immortal (Chrono Boost)  
  66  6:09  Probe  
  66  6:11  Probe  
  68  6:20  Probe  
  68  6:23  Probe  
  70  6:30  Probe  
  71  6:33  Assimilator  
  71  6:35  Probe  
  71  6:36  Pylon  
  71  6:39  Pylon  
  72  6:42  Photon Cannon, Stalker  
  72  6:45  Photon Cannon  
  74  6:48  Pylon  
Tags
 
Add a new tag
Caveats
  • Supply blocks, unpowered buildings, or Contaminate may cause inaccurate times.
  • Supply counts are checked every 10 seconds.